 Dungeon Crawl Stone Soup version 0.29-a0-393-g47a863cc1b (webtiles) character file.

Game seed: 12215682486719187230

31 bande the Covered (level 3, -3/23 HPs)
             Began as a Gargoyle Fighter on May 9, 2022.
             Slain by a gnoll
             ... wielding a +0 spear
              (7 damage)
             ... on level 2 of the Dungeon.
             The game lasted 00:01:08 (1252 turns).

bande the Covered (Gargoyle Fighter)                Turns: 1252, Time: 00:01:09

Health: -3/23      AC: 17    Str: 19    XL:     3   Next: 22%
Magic:  3/3        EV:  7    Int:  8    God:
Gold:   102        SH:  4    Dex: 11    Spells: 2/2 levels left

rFire   . . .      SeeInvis .   a - +0 war axe
rCold   . . .      Faith    .   c - +0 buckler
rNeg    + . .      Spirit   .   m - +0 chain mail
rPois   ∞          Reflect  .   (no helmet)
rElec   +          Harm     .   k - +0 cloak
rCorr   .          Rampage  .   (no gloves)
Will    .....                   (no boots)
Stlth   ..........              (no amulet)
HPRegen 0.07/turn               b - +4 ring of protection
MPRegen 0.08/turn               (no ring)

@: mighty
A: sickness immunity, AC +3, negative energy resistance 1, electricity
resistance, torment resistance 1, petrification resistance
a: no special abilities


You were on level 2 of the Dungeon.
You visited 1 branch of the dungeon, and saw 2 of its levels.

You collected 102 gold pieces.

Inventory:

Hand Weapons
 a - a +0 war axe (weapon)
Armour
 c - a +0 buckler (worn)
 k - a +0 cloak (worn)
 m - a +0 chain mail (worn)
Jewellery
 b - a +4 ring of protection (left hand)
Scrolls
 e - a scroll of poison {unknown}
 f - 2 scrolls of enchant armour {unknown}
 g - a scroll of immolation {unknown}
 h - a scroll of summoning {unknown}
 i - a scroll of magic mapping {unknown}
 j - 2 scrolls of identify {unknown}
 l - a scroll of teleportation {unknown}


   Skills:
 + Level 3.5 Fighting
 + Level 2.3 Axes
 + Level 3.6 Armour
 - Level 0.2 Dodging
 + Level 3.5 Shields


You had 2 spell levels left.
You didn't know any spells.
Your spell library was empty.

Dungeon Overview and Level Annotations

Branches:
Dungeon (2/15)

Altars:


Innate Abilities, Weirdness & Mutations

You are immune to sickness and miasma.
Your stone body is resilient. (AC +3)
You are immune to poison.
You resist negative energy. (rN+)
You are resistant to electric shocks. (rElec)
You are resistant to unholy torment.
You are immune to petrification.


Message History

The gnoll shouts! x2; You hear a shout!
An endoplasm comes into view.
Found a stone staircase leading down.
The endoplasm quivers.
The kobold barely misses you.
You barely miss the kobold. The kobold hits you but does no damage.
You slash the gnoll!
The gnoll is almost dead.
You closely miss the kobold. The gnoll closely misses you.
The kobold hits you with a +0 dagger. You block the kobold's attack.
You slash the gnoll!
You kill the gnoll!
You hit the kobold but do no damage. The kobold hits you but does no damage.
You have reached level 3!
Your experience leads to an increase in your attributes!
Increase (S)trength, (I)ntelligence, or (D)exterity?
You feel agile. x2
You barely miss the kobold. You closely miss the gnoll.
The gnoll hits you but does no damage. x2
The kobold hits you but does no damage.
You slash the kobold!
You kill the kobold!
You hit the gnoll. The gnoll hits you but does no damage.
The gnoll hits you with a +0 club. x2
The endoplasm freezes you.
You are frozen.
The gnoll barely misses you.
You barely miss the endoplasm. You barely miss the gnoll.
You block the gnoll's attack. The gnoll hits you with a +0 club.
The endoplasm hits you but does no damage.
Unknown command.
You feel very mighty all of a sudden. The endoplasm freezes you.
You are frozen.
The gnoll barely misses you. The gnoll hits you with a +0 club.
* * * LOW HITPOINT WARNING * * *
You slash the endoplasm!
You kill the endoplasm!
You slash the gnoll!
You kill the gnoll!
The gnoll hits you from afar with a +0 spear!
You die...

#.##........#....≈....#
#.###############'#####
#.# #...# ##.# ##.##
...# ### #### #
###############.. #
.........))...... #
#....@)g..... #
#..####.####> # #..#
#.# # #..# #.. #
#..####.# # #....##.# #
##.#.##.# # #....#.# #
#.###..####.#


You could see a gnoll.

Vanquished Creatures
  2 gnolls (D:2)
  A dart slug (D:2)
  4 ball pythons
  An endoplasm (D:2)
  A giant cockroach (D:1)
  2 goblins
  3 hobgoblins
  A bat (D:2)
  2 kobolds (D:2)
  2 rats (D:1)
19 creatures vanquished.

Vanquished Creatures (others)
  4 toadstools (D:1)
4 creatures vanquished.

Grand Total: 23 creatures vanquished

Notes
Turn   | Place    | Note
-------+----------+-------------------------------------------
     0 | D:1      | bande the Gargoyle Fighter began the quest for the Orb.
     0 | D:1      | Reached XP level 1. HP: 14/14 MP: 1/1
   452 | D:1      | Reached XP level 2. HP: 19/19 MP: 2/2
  1078 | D:2      | Found a faded altar of an unknown god.
  1248 | D:2      | Reached XP level 3. HP: 21/23 MP: 3/3
  1252 | D:2      | Slain by a gnoll

Illustrated notes

Levels and vault maps discovered:
D:1:      ldierk_walled_garden_2, layout_basic,
          nicolae_concentric_dashed_squares_wild, st_stairs_7
D:2:      layout_loops_ring, shapermc_ecumenical_altar_notcrosses, minmay_cupped

Skill      XL: |  1  2 |
---------------+-------+-----
Axes           | 2 |  2.3
Fighting       | |  3.5
Armour         | |  3.6
Dodging        | |  0.2
Shields        | |  3.5

Action                   || total
-------------------------++-------
Melee: War axe           ||    47
  Use: Potion            ||     1
Armor: Scale mail        ||    16
       Chain mail        ||    16
Dodge: Dodged            ||    18
Block: Buckler           ||     7

Table legend: (Time is in decaauts)
 A = Elapsed time spent in this place.
 B = Non-inter-level travel time spent in this place.
 C = Inter-level travel time spent in this place.
 D = Time resting spent in this place.
 E = Time spent auto-exploring this place.
 F = Levels seen in this place.
 G = Mean time per level.
                   A        B        C        D        E       F      G
               +--------+--------+--------+--------+--------+-----+--------+
         Total |   1274 |   1243 |     31 |      0 |   1083 |   2 |  637.0 |
       Dungeon |   1274 |   1243 |     31 |      0 |   1083 |   2 |  637.0 |
               +--------+--------+--------+--------+--------+-----+--------+

Top non-repeatable levels by time:
     D:1: 820 daAuts
     D:2: 453 daAuts
